 Dungeon Crawl Stone Soup version 0.29-a0-542-g075992c915 (webtiles) character file.

Game seed: 5882169790323625714

37930 croobank the Covert (level 13, 0/106 HPs)
             Began as a Gnoll Delver on June 4, 2022.
             Was an Initiate of Gozag.
             Slain by a death yak (19 damage)
             ... on level 4 of the Lair of Beasts.
             The game lasted 02:54:59 (25786 turns).

croobank the Covert (Gnoll Delver)                 Turns: 25786, Time: 02:54:59

Health: 0/106      AC: 14    Str: 12    XL:     13   Next: 99%
Magic:  25/25      EV: 24    Int: 11    God:    Gozag
Gold:   1636       SH: 14    Dex: 15    Spells: 22/29 levels left

rFire   + . .      SeeInvis .   a - +1 demon whip (venom)
rCold   + . .      Faith    .   w - +3 buckler
rNeg    . . .      Spirit   .   H - +3 leather armour
rPois   .          Reflect  +   (no helmet)
rElec   .          Harm     .   y - scarf {rC+ rF+}
rCorr   .          Rampage  .   d - +2 pair of gloves
Will    .....                   I - +2 pair of boots
Stlth   +++++.....              v - amulet of reflection
HPRegen 0.27/turn               j - +4 ring of evasion
MPRegen 0.19/turn               z - +4 ring of evasion

@: no status effects
A: fangs 1, strong nose, distributed training, weak 1
a: Renounce Religion, Potion Petition, Call Merchant, Bribe Branch


You were on level 4 of the Lair of Beasts.
You worshipped Gozag.
Gozag was most pleased with you.
You visited 3 branches of the dungeon, and saw 16 of its levels.
You also visited: Ossuary.

You collected 3570 gold pieces.
You spent 220 gold pieces at shops.
You paid 1714 gold pieces to Gozag.

Inventory:

Hand Weapons
 a - a +1 demon whip of venom (weapon)
 b - a +5 war axe of flaming
 f - a +1 shortbow of flaming
 l - a +5 great sword
 n - a +1 falchion of holy wrath
 o - a +2 lajatang of speed
 L - a +0 dagger of draining
 P - a +2 long sword of freezing
 S - a +1 spear of flaming
 X - a +0 broad axe of venom
Missiles
 m - 359 stones
 r - 6 atropa-tipped darts (quivered)
 s - 6 datura-tipped darts
 K - 30 poisoned darts
 N - a boomerang
Armour
 d - a +2 pair of gloves (worn)
 h - a +0 ring mail
 w - a +3 buckler (worn)
 y - a scarf of resistance (worn)
 D - a +0 robe
 H - a +3 leather armour (worn)
 I - a +2 pair of boots (worn)
 M - a scarf of repulsion
Magical Staves
 F - a staff of death
Jewellery
 j - a +4 ring of evasion (left hand)
 u - a +6 ring of intelligence
 v - an amulet of reflection (around neck)
 z - a +4 ring of evasion (right hand)
 E - a ring of ice
 T - a ring of positive energy
 Y - a +4 ring of protection
Wands
 g - a wand of digging (3)
 p - a wand of flame (19)
Scrolls
 c - 6 scrolls of fog
 i - 3 scrolls of blinking
 k - 3 scrolls of teleportation
 t - a scroll of fear
 C - 5 scrolls of magic mapping
 G - 4 scrolls of amnesia
Potions
 e - a potion of magic
 q - a potion of heal wounds
 x - 7 potions of ambrosia
 B - a potion of resistance
 J - a potion of flight
 O - 2 potions of attraction
 Q - 2 potions of lignification
 R - a potion of cancellation
 U - a potion of berserk rage {unknown}
 V - 2 potions of might
 W - a potion of haste
Miscellaneous
 A - a phantom mirror (inert)
 Z - a phial of floods


   Skills:
 + Level 11.0 Fighting
 + Level 8.8 Short Blades
 + Level 8.8 Long Blades
 + Level 10.0 Axes
 + Level 8.8 Maces & Flails
 + Level 8.8 Polearms
 + Level 8.8 Staves
 + Level 8.8 Slings
 + Level 8.8 Bows
 + Level 8.8 Crossbows
 + Level 8.8 Throwing
 + Level 8.8 Armour
 + Level 10.0 Dodging
 + Level 12.8 Stealth
 + Level 8.8 Shields
 + Level 8.8 Unarmed Combat
 + Level 8.8 Spellcasting
 + Level 7.3 Conjurations
 + Level 7.3 Hexes
 + Level 7.3 Summonings
 + Level 7.3 Necromancy
 + Level 7.3 Translocations
 + Level 7.3 Transmutations
 + Level 7.3 Fire Magic
 + Level 7.3 Ice Magic
 + Level 7.3 Air Magic
 + Level 7.3 Earth Magic
 + Level 7.3 Poison Magic
 + Level 9.6 Invocations
 + Level 8.8 Evocations


You had 22 spell levels left.
You knew the following spells:

 Your Spells              Type           Power      Damage    Failure   Level
a - Ozocubu's Armour      Ice            20%        N/A       3%          3
b - Shock                 Conj/Air       80%        1d8       1%          1
c - Swiftness             Air            20%        N/A       3%          3

Your spell library contained the following spells:

 Spells                   Type           Power      Damage    Failure   Level
 Ensorcelled Hibernation  Hex/Ice        40%        N/A       1%          2
 Static Discharge         Conj/Air       20%        N/A       1%          2
 Conjure Flame            Conj/Fire      20%        6-21      3%          3
 Ignite Poison            Fire/Tmut/Pois 20%        N/A       3%          3
 Tukima's Dance           Hex            20%        N/A       3%          3
 Airstrike                Air            10%        N/A       11%         4
 Dispel Undead            Necr           20%        3d11      11%         4
 Leda's Liquefaction      Hex/Erth       10%        N/A       11%         4
 Sticky Flame             Conj/Fire      20%        2d4       11%         4
 Metabolic Englaciation   Hex/Ice        10%        N/A       30%         5
 Silence                  Hex/Air        10%        N/A       30%         5
 Summon Forest            Summ/Tloc      10%        N/A       30%         5
 Discord                  Hex            10%        N/A       100%        8
 Simulacrum               Ice/Necr       Unusable   N/A       N/A         6

Dungeon Overview and Level Annotations

Branches:
Dungeon (10/15)            Temple (1/1) D:4            Lair (5/6) D:10
 Shoals (0/4) Lair:2        Snake (0/4) Lair:4          Orc (0/2) D:9
Ossuary (visited)
  Slime: Lair:5-6

Altars:
Ashenzari
Cheibriados
Dithmenos
Elyvilon
Fedhas
Gozag
Hepliaklqana
Kikubaaqudgha
Makhleb
Nemelex Xobeh
Okawaru
Qazlal
Ru
Sif Muna
Trog
Uskayaw
Vehumet
Wu Jian
Xom
Yredelemnul
Zin
The Shining One

Shops:
D:1 (   D:9 *

Annotations:
D:9 Erolcha
Lair:5 1 transporter


Innate Abilities, Weirdness & Mutations

You have very sharp teeth.
Your uncanny sense of smell can sniff out nearby items.
Your experience applies equally to all skills.
You are weak. (Str -2)


Message History

The yak misses you. The death yak gores you.
You hit the death yak.
The death yak looks as sick as possible!
The death yak is severely wounded.
You hit the death yak but do no damage.
The death yak looks as sick as possible!
The death yak is almost dead.
You block the yak's attack. The death yak gores you.
You barely miss the death yak.
The death yak is severely wounded.
You block the yak's attack. The death yak barely misses you.
You hit the death yak.
The death yak looks as sick as possible!
The death yak is almost dead.
You hit the death yak.
The death yak is almost dead.
The yak completely misses you. The death yak gores you!!
* * * LOW HITPOINT WARNING * * *
You completely miss the death yak.
The death yak is almost dead.
You block the yak's attack.
The death yak gores you but does no damage.
You hit the death yak but do no damage.
The death yak is almost dead.
You hit the death yak.
The death yak looks as sick as possible!
The death yak is almost dead.
The yak gores you but does no damage. You block the death yak's attack.
You hit the death yak but do no damage.
The death yak looks as sick as possible!
You bite the death yak, but do no damage.
The death yak is almost dead.
You block the yak's attack. The death yak gores you!
* * * LOW HITPOINT WARNING * * *
You hit the death yak but do no damage.
The death yak looks as sick as possible!
The death yak is almost dead.
You block the yak's attack. The death yak gores you!!
You die...
Your body crumbles into a pile of gold.

# #.# ### ##.### ## #.# #.# ##..#
.# #.# ##.# #..# ## ##.# ##..##
##.## # #..# #.#..# #..## ### #
##.# ##..## #...# ###.####
####P.# ####.### ##...###P.#.#..
.#.#..####.##..Y###..............
................@Y.....#####..###
.§.####........##$##P.## ####
≈...###........#####P.#
≈§....#.........# ##.### ######
§§§..#....)....## #.#.###.##.##
§§§≈...........# #............
§≈§§..#........# #............
≈≈§≈≈..........### #............
§≈§≈≈............####..........<.


You could see a death yak (extremely poisoned) and a yak (very poisoned).

Vanquished Creatures
  Gastronok (Lair:1)
  2 hydras
  A boulder beetle (Lair:5)
  2 catoblepae
  A two-headed ogre (D:8)
  5 death yaks
  Urug (Lair:3)
  Amaemon (D:9)
  5 lindwurms
  9 elephants (Lair:3)
  An orange demon (D:9)
  2 black mambas (Lair:1)
  6 cane toads
  2 kobold demonologists (D:9)
  2 rime drakes
  2 komodo dragons
  A troll (D:10)
  A queen bee (Lair:2)
  6 polar bears
  2 hornets
  9 blink frogs
  Sigmund (D:4)
  6 wyverns
  A shadow (D:9)
  A steam dragon (D:6)
  31 yaks
  4 basilisks
  A swamp worm (Lair:5)
  7 water moccasins
  4 nagas
  2 ice beasts
  A sky beast (D:7)
  4 orc warriors
  8 black bears
  3 ogres (D:5)
  18 wolves
  7 centaurs
  2 phantoms
  A gnoll sergeant (D:8)
  2 kobold brigands
  8 bullfrogs
  4 scorpions
  7 necrophages (Lair:2)
  9 wights
  39 killer bees
  5 electric eels (D:10)
  6 hounds
  5 jellies
  4 orc priests
  5 iguanas
  5 orc wizards
  16 adders
  A shadow imp (D:8)
  3 white imps
  An ufetubus (D:6)
  2 worms
  27 orcs
  6 bats
  7 endoplasms
  4 giant cockroaches
  10 goblins
  3 hobgoblins
  2 jackals (D:1)
  12 kobolds
  3 quokkas
  10 ball pythons
  3 frilled lizards
  A jackal zombie (Ossuary)
  6 rats
380 creatures vanquished.

Vanquished Creatures (others)
  2 bushes (Lair:3)
  36 fungi
  39 plants
77 creatures vanquished.

Grand Total: 457 creatures vanquished

Notes
Turn   | Place    | Note
-------+----------+-------------------------------------------
     0 | D:5      | Reached skill level 9 in Stealth
     0 | D:5      | croobank the Gnoll Delver began the quest for the Orb.
     0 | D:5      | Reached XP level 1. HP: 23/23 MP: 1/1
    43 | D:4      | Noticed Sigmund
    95 | D:4      | Found a sand-covered staircase.
   101 | Ossuary  | Entered an ossuary
   313 | D:4      | Noticed a jelly
   705 | D:3      | Reached XP level 2. HP: 23/29 MP: 2/2
   760 | D:3      | Reached XP level 3. HP: 18/35 MP: 3/3
  1105 | D:2      | Reached skill level 1 in Invocations
  1192 | D:2      | Reached skill level 1 in Short Blades
  1192 | D:2      | Reached skill level 1 in Long Blades
  1192 | D:2      | Reached skill level 1 in Maces & Flails
  1192 | D:2      | Reached skill level 1 in Polearms
  1192 | D:2      | Reached skill level 1 in Staves
  1192 | D:2      | Reached skill level 1 in Slings
  1192 | D:2      | Reached skill level 1 in Bows
  1192 | D:2      | Reached skill level 1 in Crossbows
  1192 | D:2      | Reached skill level 1 in Throwing
  1192 | D:2      | Reached skill level 1 in Armour
  1192 | D:2      | Reached skill level 1 in Shields
  1192 | D:2      | Reached skill level 1 in Unarmed Combat
  1192 | D:2      | Reached skill level 1 in Spellcasting
  1192 | D:2      | Reached skill level 1 in Evocations
  1345 | D:2      | Learned a level 3 spell: Ozocubu's Armour
  1380 | D:2      | Reached XP level 4. HP: 41/41 MP: 5/5
  1483 | D:2      | Gained mutation: You are weak. (Str -2) [potion of
                  | mutation]
  1636 | D:2      | Reached skill level 1 in Conjurations
  1636 | D:2      | Reached skill level 1 in Hexes
  1636 | D:2      | Reached skill level 1 in Summonings
  1636 | D:2      | Reached skill level 1 in Necromancy
  1636 | D:2      | Reached skill level 1 in Translocations
  1636 | D:2      | Reached skill level 1 in Transmutations
  1636 | D:2      | Reached skill level 1 in Fire Magic
  1636 | D:2      | Reached skill level 1 in Ice Magic
  1636 | D:2      | Reached skill level 1 in Air Magic
  1636 | D:2      | Reached skill level 1 in Earth Magic
  1636 | D:2      | Reached skill level 1 in Poison Magic
  1686 | D:2      | Found a blossoming altar of Fedhas.
  1997 | D:2      | Reached XP level 5. HP: 25/47 MP: 6/6
  2489 | D:1      | Found Gaxatz's Weapon Shoppe.
  3276 | D:3      | Found a faded altar of an unknown god.
  3960 | D:4      | Noticed a phantom
  3971 | D:4      | Killed a phantom
  3972 | D:4      | Reached XP level 6. HP: 41/53 MP: 8/8
  4252 | D:4      | Found a staircase to the Ecumenical Temple.
  4271 | Temple   | Entered the Ecumenical Temple
  4327 | Temple   | Became a worshipper of Gozag Ym Sagoz the Greedy
  4678 | D:4      | Killed Sigmund
  4679 | D:4      | Reached skill level 5 in Axes
  4679 | D:4      | Reached skill level 5 in Dodging
  4679 | D:4      | Reached XP level 7. HP: 59/59 MP: 8/10
  5054 | D:5      | Reached skill level 10 in Stealth
  5202 | D:5      | Reached XP level 8. HP: 48/67 MP: 12/12
  6294 | D:6      | Noticed a wyvern
  6311 | D:6      | Killed a wyvern
  6738 | D:6      | Reached XP level 9. HP: 29/67 MP: 14/14
  7563 | D:6      | Learned a level 1 spell: Shock
  8996 | D:7      | Reached skill level 5 in Invocations
  9644 | D:8      | Learned a level 3 spell: Swiftness
  9775 | D:8      | Noticed a hornet
  9781 | D:8      | Paralysed by a hornet for 2 turns
  9786 | D:8      | HP: 5/111 [hornet (10)]
  9788 | D:8      | Killed a hornet
  9789 | D:8      | Reached XP level 10. HP: 17/80 MP: 14/17
 10220 | D:8      | Noticed a two-headed ogre
 10400 | D:8      | Found a shimmering blue altar of Sif Muna.
 10489 | D:8      | Killed a two-headed ogre
 10490 | D:8      | Reached skill level 5 in Short Blades
 10490 | D:8      | Reached skill level 5 in Long Blades
 10490 | D:8      | Reached skill level 5 in Maces & Flails
 10490 | D:8      | Reached skill level 5 in Polearms
 10490 | D:8      | Reached skill level 5 in Staves
 10490 | D:8      | Reached skill level 5 in Slings
 10490 | D:8      | Reached skill level 5 in Bows
 10490 | D:8      | Reached skill level 5 in Crossbows
 10490 | D:8      | Reached skill level 5 in Throwing
 10490 | D:8      | Reached skill level 5 in Armour
 10490 | D:8      | Reached skill level 5 in Shields
 10490 | D:8      | Reached skill level 5 in Unarmed Combat
 10490 | D:8      | Reached skill level 5 in Spellcasting
 10490 | D:8      | Reached skill level 5 in Evocations
 11074 | D:9      | Found a staircase to the Orcish Mines.
 11107 | D:9      | Noticed Erolcha
 11200 | D:9      | Noticed a kobold demonologist
 11214 | D:9      | Reached skill level 11 in Stealth
 11267 | D:9      | Found Qaij's General Store.
 11275 | D:9      | Bought a scroll of blinking for 97 gold pieces
 11275 | D:9      | Bought a scroll of identify for 26 gold pieces
 11275 | D:9      | Bought a scroll of enchant armour for 97 gold pieces
 11445 | D:9      | Noticed Amaemon
 11454 | D:9      | Noticed an orange demon
 11462 | D:9      | Killed Amaemon
 11471 | D:9      | Killed an orange demon
 11520 | D:9      | Noticed a kobold demonologist
 11536 | D:9      | Killed a kobold demonologist
 11537 | D:9      | Noticed a sixfirhy
 11896 | D:9      | Killed a kobold demonologist
 11897 | D:9      | Reached XP level 11. HP: 86/87 MP: 19/19
 11907 | D:10     | Entered Level 10 of the Dungeon
 12397 | D:9      | Reached skill level 5 in Conjurations
 12397 | D:9      | Reached skill level 5 in Hexes
 12397 | D:9      | Reached skill level 5 in Summonings
 12397 | D:9      | Reached skill level 5 in Necromancy
 12397 | D:9      | Reached skill level 5 in Translocations
 12397 | D:9      | Reached skill level 5 in Transmutations
 12397 | D:9      | Reached skill level 5 in Fire Magic
 12397 | D:9      | Reached skill level 5 in Ice Magic
 12397 | D:9      | Reached skill level 5 in Air Magic
 12397 | D:9      | Reached skill level 5 in Earth Magic
 12397 | D:9      | Reached skill level 5 in Poison Magic
 13137 | D:10     | Found a staircase to the Lair.
 13644 | Lair:1   | Entered Level 1 of the Lair of Beasts
 14602 | Lair:1   | Noticed a four-headed hydra
 14621 | Lair:1   | Killed a four-headed hydra
 15440 | Lair:1   | Noticed Gastronok
 15470 | Lair:1   | Killed Gastronok
 15471 | Lair:1   | Reached XP level 12. HP: 47/96 MP: 22/22
 18382 | Lair:2   | Found a staircase to the Shoals.
 18433 | Lair:2   | Noticed a catoblepas
 18458 | Lair:2   | Killed a catoblepas
 18459 | Lair:2   | Reached skill level 12 in Stealth
 18927 | Lair:1   | Reached skill level 10 in Fighting
 19987 | Lair:3   | Noticed a catoblepas
 20246 | Lair:3   | Killed a catoblepas
 20872 | Lair:3   | Reached XP level 13. HP: 92/103 MP: 24/24
 22982 | Lair:4   | Found a staircase to the Snake Pit.
 23315 | Lair:4   | Noticed Urug
 23371 | Lair:3   | Killed Urug
 24321 | Lair:4   | Identified the +0 pair of boots of Purpose {rElec rPois
                  | rC+++ Str-5}
 24741 | Lair:5   | Identified the +0 robe of Lust {rF- rC- Will++ rCorr}
 24761 | Lair:5   | Found a transporter.
 24967 | Lair:5   | Identified a scroll of acquirement
 24967 | Lair:5   | Acquired Tulul's Grimoire of Execration and the Entourage
 25707 | Lair:4   | Reached skill level 10 in Axes
 25707 | Lair:4   | Reached skill level 10 in Dodging
 25786 | Lair:4   | Slain by a death yak

Illustrated notes

Levels and vault maps discovered:
D:1:      amcnicky_arrival_wind_blow, layout_loops_corners, serial_shops,
          nicolae_square_shop, grunt_decor_resistance, corexii_corridor_pit,
          minmay_fountain_box
D:2:      layout_rooms, basic_altar
D:3:      layout_basic, chequers_ecumenical_altar_simple_redux
D:4:      layout_loops_ring, minmay_temple_entry_nine_rooms,
          nicolae_ossuary_entry_plus, kennysheep_cross_room, uniq_sigmund
D:5:      layout_gridville, grunt_ministairs_9
D:6:      layout_loops_corners
D:7:      layout_loops_corners
D:8:      layout_loops_ring, lemuel_doored_altar, minmay_chambers_of_fives
D:9:      layout_irregular_city, david_orc_2, serial_shops, nicolae_square_shop,
          minmay_misc_feat_cross, hellmonk_guarded_unrand_vitality_bloodlust,
          uniq_erolcha, uniq_grum, uniq_amaemon
D:10:     layout_cave_pods, erik_lair_island
Temple:   mainiacjoe_temple_circle_huts
Lair:1:   beast_lair_carwin_large_4, layout_cave_pods, uniq_gastronok
Lair:2:   layout_long_grid, minmay_shoals_entry_centaurs, special_room
          [special_room_bee], roderic_carrion_pond
Lair:3:   layout_roguey, infiniplex_staircase_pool_2, grunt_megastairs_5
Lair:4:   layout_small_grid, minmay_snake_entry_guardpost_small,
          minmay_lindwurm_lava, uniq_urug
Lair:5:   layout_long_grid, minmay_slime_entry_jelly_boxes,
          gammafunk_ghost_abyssal_escape, worms_lemuel

Skill      XL: |  1  2  3  4  5  6  7  8  9 10 11 12 13 |
---------------+----------------------------------------+-----
Stealth        | 10 11 12 | 12.8
Invocations    | 1 2 3 4 5 6 7 8 9 |  9.6
Short Blades   | 1 2 3 4 5 6 7 8 |  8.8
Long Blades    | 1 2 3 4 5 6 7 8 |  8.8
Maces & Flails | 1 2 3 4 5 6 7 8 |  8.8
Polearms       | 1 2 3 4 5 6 7 8 |  8.8
Staves         | 1 2 3 4 5 6 7 8 |  8.8
Slings         | 1 2 3 4 5 6 7 8 |  8.8
Bows           | 1 2 3 4 5 6 7 8 |  8.8
Crossbows      | 1 2 3 4 5 6 7 8 |  8.8
Throwing       | 1 2 3 4 5 6 7 8 |  8.8
Armour         | 1 2 3 4 5 6 7 8 |  8.8
Shields        | 1 2 3 4 5 6 7 8 |  8.8
Unarmed Combat | 1 2 3 4 5 6 7 8 |  8.8
Spellcasting   | 1 2 3 4 5 6 7 8 |  8.8
Evocations     | 1 2 3 4 5 6 7 8 |  8.8
Conjurations   | 1 2 3 4 5 6 7 |  7.3
Hexes          | 1 2 3 4 5 6 7 |  7.3
Summonings     | 1 2 3 4 5 6 7 |  7.3
Necromancy     | 1 2 3 4 5 6 7 |  7.3
Translocations | 1 2 3 4 5 6 7 |  7.3
Transmutations | 1 2 3 4 5 6 7 |  7.3
Fire Magic     | 1 2 3 4 5 6 7 |  7.3
Ice Magic      | 1 2 3 4 5 6 7 |  7.3
Air Magic      | 1 2 3 4 5 6 7 |  7.3
Earth Magic    | 1 2 3 4 5 6 7 |  7.3
Poison Magic   | 1 2 3 4 5 6 7 |  7.3
Axes           | 5 6 7 8 9 10 | 10.0
Dodging        | 5 6 7 8 9 10 | 10.0
Fighting       | 7 8 9 10 11 | 11.0

Action                   |  1- 3 |  4- 6 |  7- 9 | 10-12 | 13-15 || total
-------------------------+-------+-------+-------+-------+-------++-------
Melee: Hand axe          |    23 |       |    94 |    17 |       ||   134
       War axe           |    15 |    86 |    72 |    13 |       ||   186
       Dagger            |    68 |   125 |    68 |    47 |     6 ||   314
       Bite              |     5 |    18 |    38 |   129 |   129 ||   319
       Punch             |     2 |     1 |    14 |       |       ||    17
       Trident           |       |       |    14 |       |       ||    14
       Spear             |       |       |    88 |       |       ||    88
       Halberd           |       |       |    46 |       |       ||    46
       Long sword        |       |       |       |    82 |       ||    82
       Demon whip        |       |       |       |   818 |   608 ||  1426
       Falchion          |       |       |       |    20 |       ||    20
Throw: Dart              |       |       |       |     1 |     1 ||     2
       Stone             |       |       |       |     1 |       ||     1
 Cast: Ozocubu's Armour  |       |       |     3 |     2 |       ||     5
       Swiftness         |       |       |     2 |     6 |     3 ||    11
       Shock             |       |       |     2 |     4 |     3 ||     9
Invok: Potion Petition   |       |       |       |     3 |     1 ||     4
Evoke: Wand              |       |     2 |    18 |    18 |       ||    38
       Phantom mirror    |       |       |       |       |     1 ||     1
  Use: Scroll            |     3 |     4 |    12 |    16 |     3 ||    38
       Potion            |     2 |     1 |     6 |     8 |     6 ||    23
 Stab: Sleeping          |     5 |    18 |     6 |    14 |     3 ||    46
       Distracted        |     1 |     3 |     3 |     4 |     1 ||    12
       Paralysed         |       |     4 |    10 |       |       ||    14
       Invisible         |       |       |       |     2 |       ||     2
       Petrified         |       |       |       |     2 |       ||     2
Armor: Ring mail         |    47 |    86 |    47 |       |       ||   180
       Leather armour    |       |       |    40 |   172 |    73 ||   285
       Skin              |       |       |     3 |       |       ||     3
Dodge: Dodged            |    58 |   145 |   296 |   703 |   358 ||  1560
Block: Buckler           |       |       |       |   722 |   394 ||  1116
       Reflection        |       |       |       |     7 |     2 ||     9

Table legend: (Time is in decaauts)
 A = Elapsed time spent in this place.
 B = Non-inter-level travel time spent in this place.
 C = Inter-level travel time spent in this place.
 D = Time resting spent in this place.
 E = Time spent auto-exploring this place.
 F = Levels seen in this place.
 G = Mean time per level.
                   A        B        C        D        E       F      G
               +--------+--------+--------+--------+--------+-----+--------+
         Total |  25468 |  24657 |    811 |   7932 |  10866 |  17 | 1498.1 |
       Dungeon |  14206 |  13788 |    418 |   3688 |   6809 |  10 | 1420.6 |
        Temple |    354 |    335 |     19 |      0 |    306 |   1 |  354.0 |
          Lair |  10898 |  10524 |    374 |   4244 |   3750 |   5 | 2179.6 |
       Ossuary |      8 |      8 |      0 |      0 |      0 |   1 |    8.0 |
               +--------+--------+--------+--------+--------+-----+--------+

Top non-repeatable levels by time:
  Lair:1: 3536 daAuts
  Lair:2: 2783 daAuts
  Lair:3: 2628 daAuts
    D:10: 1987 daAuts
     D:5: 1688 daAuts
     D:6: 1641 daAuts
     D:8: 1578 daAuts
     D:7: 1460 daAuts
     D:9: 1370 daAuts
     D:3: 1312 daAuts
  Lair:4: 1267 daAuts
     D:2: 1145 daAuts
     D:4: 1043 daAuts
     D:1: 980 daAuts
  Lair:5: 682 daAuts
